Map: Oxide LE

Players

MaxPax - Winner!

  • Race: Protoss Protoss

Harstem

  • Race: Protoss Protoss

Event: DreamHack SC2 Masters 2021 Winter

VOD

Have the link to the VOD?

Description

Time

  • Played on: Oct. 13, 2021, 9:39 a.m.
  • Length: 7:24

All games in this series

Show
View Real Time Build Order
Export as new Build Order

MaxPax Protoss - Winner!

Build Orders: Oracle Opening, Proxy Void Ray 

Get SALT Encoding   

  12  0:00  Probe  
  13  0:12  Probe  
  14  0:19  Pylon  
  14  0:24  Probe  
  15  0:37  Gateway, Probe (Chrono Boost)  
  16  0:47  Assimilator, Probe (Chrono Boost)  
  17  0:52  Probe (Chrono Boost)  
  18  1:03  Probe  
  19  1:06  Assimilator  
  19  1:08  Pylon  
  19  1:15  Probe (Chrono Boost)  
  20  1:27  Cybernetics Core  
  20  1:29  Probe (Chrono Boost)  
  23  1:34  Probe (Chrono Boost)  
  24  1:41  Zealot  
  24  1:44  Probe  
  25  1:57  Probe  
  26  2:09  Stargate  
  26  2:13  Probe  
  26  2:14  Adept  
  29  2:26  Nexus  
  28  2:32  Pylon  
  28  2:36  Warp Gate  
  28  2:45  Stalker  
  31  2:52  Oracle (Chrono Boost)  
  33  2:58  Probe  
  33  3:04  Shield Battery  
  34  3:10  Probe  
  34  3:16  Void Ray (Chrono Boost)  
  34  3:22  Shield Battery  
  34  3:23  Probe  
  39  3:37  Probe  
  39  3:39  Probe  
  41  3:45  Shield Battery  
  41  3:49  Probe  
  41  3:51  Stalker, Probe  
  45  3:58  Void Ray (Chrono Boost)  
  45  4:01  Probe  
  46  4:03  Probe  
  51  4:11  Gateway  
  51  4:14  Probe  
  51  4:15  Probe  
  51  4:25  Pylon  
  51  4:26  Probe  
  51  4:30  Stalker  
  54  4:39  Twilight Council  
  54  4:43  Probe x2  
  56  4:47  Gateway  
  56  4:55  Probe x2  
  58  5:07  Probe x2  
  58  5:08  Stalker  
  58  5:10  Pylon  
  58  5:12  Assimilator  
  60  5:20  Probe x2  
  62  5:31  Dark Shrine  
  62  5:32  Blink (Chrono Boost), Probe  
  62  5:33  Gateway  
  63  5:45  Forge  
  63  5:47  Stalker  
  65  5:52  Stalker, Nexus  
  65  5:54  Pylon  
  67  6:00  Pylon  
  67  6:06  Pylon  
  67  6:07  Stalker  
  69  6:13  Pylon  
  69  6:17  Probe, Pylon x2, Shield Battery  
  70  6:27  Photon Cannon  
  70  6:30  Stalker  
  71  6:33  Stalker  
  71  6:36  Probe  
  71  6:37  Probe (Chrono Boost)  
  75  6:44  Dark Templar  
  77  6:49  Probe (Chrono Boost)  
  79  6:54  Probe (Chrono Boost), Dark Templar  
  79  6:58  Probe (Chrono Boost)  
  83  7:02  Probe (Chrono Boost)  
  83  7:03  Probe  
  84  7:10  Dark Templar  
Show
View Real Time Build Order
Export as new Build Order

Harstem Protoss 

Build Orders:  

Get SALT Encoding   

  12  0:00  Probe  
  13  0:12  Probe  
  14  0:19  Pylon  
  14  0:24  Probe  
  15  0:37  Gateway, Probe (Chrono Boost)  
  16  0:46  Probe (Chrono Boost)  
  16  0:47  Assimilator  
  17  0:51  Probe  
  18  1:03  Probe (Chrono Boost)  
  19  1:08  Assimilator  
  19  1:10  Pylon  
  19  1:15  Probe (Chrono Boost)  
  20  1:19  Probe (Chrono Boost)  
  20  1:25  Cybernetics Core  
  21  1:29  Probe  
  21  1:32  Zealot  
  24  1:42  Probe  
  25  1:51  Pylon  
  25  1:54  Probe  
  25  1:59  Warp Gate (Chrono Boost)  
  25  2:00  Stalker (Chrono Boost)  
  28  2:17  Nexus  
  28  2:25  Stalker  
  30  2:38  Gateway  
  30  2:48  Gateway  
  30  2:58  Shield Battery  
  30  3:03  Probe, Pylon  
  31  3:23  Probe  
  32  3:27  Twilight Council  
  28  3:41  Stalker x2  
  28  3:46  Stalker  
  28  3:47  Probe (Chrono Boost)  
  28  3:48  Probe (Chrono Boost)  
  36  3:57  Probe (Chrono Boost)  
  36  3:59  Probe (Chrono Boost)  
  36  4:06  Stalker  
  36  4:08  Probe  
  36  4:09  Stalker  
  40  4:10  Sentry  
  40  4:12  Probe  
  43  4:20  Blink (Chrono Boost)  
  43  4:22  Pylon  
  43  4:35  Pylon  
  43  4:40  Probe x2  
  45  4:54  Stalker x2  
  45  4:57  Probe  
  50  5:06  Pylon  
  48  5:12  Pylon  
  48  5:14  Shield Battery  
  48  5:19  Gateway  
  46  5:21  Probe  
  46  5:24  Probe  
  46  5:25  Stalker  
  49  5:33  Probe  
  50  5:35  Pylon  
  50  5:36  Probe  
  51  5:45  Probe  
  51  5:48  Probe  
  53  5:57  Probe  
  53  5:59  Nexus  
  53  6:00  Probe  
  53  6:03  Stalker  
  56  6:07  Dark Shrine  
  56  6:08  Stalker  
  56  6:10  Probe  
  59  6:12  Probe  
  59  6:18  Stalker  
  62  6:21  Assimilator  
  62  6:24  Probe  
  62  6:25  Robotics Facility  
  63  6:34  Probe  
  63  6:35  Pylon  
  63  6:38  Stalker x2  
  68  6:46  Probe  
  69  6:49  Pylon  
  69  6:50  Probe  
  69  6:53  Pylon  
  70  6:59  Probe  
  70  7:01  Pylon  
  71  7:02  Probe  
  71  7:06  Stalker  
  71  7:07  Forge  

Tags
 
Add a new tag
Caveats
  • Supply blocks, unpowered buildings, or Contaminate may cause inaccurate times.
  • Supply counts are checked every 10 seconds.